Map: Dusk Towers

Players

Monster

  • Race: Terran Terran
  • League: Master

Miszu - Winner!

  • Race: Terran Terran
  • League: Master

VOD

Have the link to the VOD?

Description

Time

  • Played on: May 3, 2016, 11:06 a.m.
  • Length: 9:00
Show
View Real Time Build Order
Export as new Build Order

Monster Terran 

Build Orders: 1/1/1, Banshee Rush 

Get SALT Encoding   

  12  0:00  SCV  
  13  0:13  SCV  
  14  0:17  Supply Depot  
  14  0:25  SCV  
  15  0:28  Refinery  
  15  0:40  Barracks  
  15  0:44  SCV  
  16  0:56  SCV  
  17  1:08  SCV  
  18  1:20  SCV  
  19  1:28  Marine  
  19  1:30  Factory  
  19  1:32  Orbital Command  
  20  1:40  Refinery  
  20  1:42  Supply Depot  
  20  1:46  Marine  
  21  1:58  SCV  
  22  2:06  Marine  
  23  2:10  SCV  
  23  2:14  Starport  
  23  2:15  Hellion  
  26  2:23  SCV  
  26  2:25  Barracks Tech Lab  
  27  2:31  Supply Depot  
  27  2:35  SCV  
  27  2:56  SCV  
  28  2:58  Cloaking Field  
  28  2:59  Banshee  
  28  3:03  Barracks Reactor  
  31  3:06  Hellion  
  31  3:10  SCV  
  34  3:13  Supply Depot  
  33  3:22  SCV  
  28  3:34  SCV  
  28  3:40  Marine x2  
  30  3:41  Banshee  
  30  3:46  SCV  
  30  3:58  SCV  
  23  4:05  Factory Tech Lab  
  23  4:10  SCV  
  24  4:24  Siege Tank  
  24  4:25  Banshee  
  24  4:27  Marine x2  
  32  4:31  SCV  
  33  4:44  SCV  
  34  4:56  SCV  
  35  5:03  Siege Tank  
  35  5:05  Marine x2  
  40  5:08  SCV  
  41  5:25  Marine x2  
  40  5:30  SCV  
  40  5:35  Viking  
  43  5:41  Cyclone  
  43  5:42  SCV  
  47  5:52  Supply Depot  
  47  6:11  Marine x2  
  47  6:13  SCV  
  42  6:25  SCV  
  41  6:37  SCV  
  40  6:43  Command Center  
  40  6:49  SCV  
  40  6:52  Marine x2  
  40  6:53  Siege Tank  
  38  7:01  SCV  
  38  7:08  Banshee  
  35  7:14  SCV  
  38  7:16  Marine x2, Barracks  
  40  7:27  Siege Tank  
  43  7:32  SCV  
  43  7:34  Marine x2  
  46  7:44  SCV  
  47  7:56  Orbital Command  
  47  7:58  SCV  
  48  8:05  Barracks Reactor  
  48  8:15  Viking  
  50  8:20  SCV  
  50  8:26  SCV  
  51  8:28  Marine  
  51  8:32  SCV  
  56  8:38  SCV  
  57  8:44  SCV  
Show
View Real Time Build Order
Export as new Build Order

Miszu Terran - Winner!

Build Orders: 1/1/1 

Get SALT Encoding   

  12  0:01  SCV  
  13  0:13  SCV  
  14  0:18  Supply Depot  
  14  0:25  SCV  
  15  0:39  SCV  
  16  0:44  Barracks  
  16  0:49  Refinery  
  16  0:51  SCV  
  16  0:54  Refinery  
  17  1:04  SCV  
  18  1:16  SCV  
  19  1:31  Orbital Command  
  20  1:35  Factory  
  19  1:44  Reaper  
  20  1:48  Supply Depot  
  20  1:57  SCV  
  20  2:09  SCV  
  21  2:16  Reaper  
  21  2:20  Hellion  
  21  2:21  SCV  
  21  2:22  Starport  
  25  2:32  Supply Depot  
  25  2:33  SCV  
  26  2:44  Hellion  
  26  2:45  SCV  
  26  2:48  Reaper  
  30  2:57  SCV  
  30  2:58  Medivac  
  33  3:06  Hellion  
  35  3:20  SCV  
  35  3:32  SCV  
  36  3:39  Viking  
  36  3:40  Factory Tech Lab  
  36  3:42  Engineering Bay  
  36  3:44  SCV  
  37  3:56  SCV  
  36  4:08  SCV  
  37  4:11  Viking  
  38  4:19  Command Center  
  38  4:20  SCV  
  38  4:23  Supply Depot  
  39  4:27  Barracks Reactor  
  39  4:42  Missile Turret  
  39  4:45  Viking, Cyclone, SCV  
  45  4:57  SCV  
  46  5:05  Marine  
  47  5:11  Marine  
  47  5:13  SCV  
  46  5:25  SCV  
  47  5:39  Supply Depot, Barracks  
  47  5:40  Barracks  
  47  5:41  Missile Turret  
  47  5:51  Siege Tank, SCV  
  47  5:53  Orbital Command  
  51  6:03  SCV  
  52  6:04  Starport Reactor  
  50  6:15  SCV  
  50  6:18  Marine x2  
  45  6:24  Siege Tank  
  49  6:26  SCV  
  49  6:28  Barracks Tech Lab, SCV  
  51  6:38  SCV  
  48  6:50  Marine  
  48  6:52  Marine x2, SCV  
  52  7:06  SCV  
  53  7:08  Marine  
  54  7:15  Marine  
  54  7:16  Supply Depot x2, Barracks Tech Lab, Siege Tank  
  54  7:18  Supply Depot  
  58  7:24  SCV  
  58  7:25  SCV  
  58  7:26  Marine  
  58  7:27  Refinery  
  61  7:33  Marine  
  61  7:36  SCV  
  63  7:43  Marine  
  64  7:49  SCV  
  65  7:52  Barracks Reactor, SCV  
  66  8:01  Marine, SCV  
  66  8:04  SCV  
  69  8:05  Marine  
  70  8:13  SCV  
  70  8:19  Marine  
  72  8:28  Marine  
  72  8:29  Marine  
  74  8:35  Marine  
  74  8:37  Marine  
Tags
 
Add a new tag
Caveats
  • Supply blocks, unpowered buildings, or Contaminate may cause inaccurate times.
  • Supply counts are checked every 10 seconds.